Map: [ESL] Alcyone

Players

trigger

  • Race: Protoss Protoss
  • Spawn Location: 7:00

Scarlett - Winner!

  • Race: Zerg Zerg
  • Spawn Location: 1:00

Event: IEM Katowice 2024

VOD

Have the link to the VOD?

Description

Time

  • Played on: Feb. 9, 2024, 6:49 a.m.
  • Length: 9:52

All games in this series

Show
View Real Time Build Order
Export as new Build Order

trigger Protoss 

Build Orders: 1 Gate Expand, Oracle Opening 

Get SALT Encoding   

  12  0:00  Probe  
  13  0:12  Probe  
  14  0:20  Pylon  
  14  0:25  Probe (Chrono Boost)  
  15  0:38  Probe (Chrono Boost)  
  15  0:40  Gateway  
  16  0:47  Assimilator, Probe (Chrono Boost)  
  17  0:53  Probe  
  18  1:05  Probe  
  19  1:17  Probe  
  20  1:24  Nexus  
  20  1:34  Cybernetics Core  
  20  1:37  Probe  
  21  1:42  Assimilator  
  21  1:49  Probe  
  21  1:52  Pylon  
  22  2:01  Probe  
  23  2:08  Adept (Chrono Boost)  
  23  2:13  Probe  
  26  2:15  Stargate  
  26  2:25  Warp Gate  
  26  2:26  Probe (Chrono Boost)  
  27  2:30  Adept  
  27  2:36  Probe (Chrono Boost)  
  30  2:44  Probe (Chrono Boost)  
  31  2:45  Probe (Chrono Boost)  
  31  2:50  Probe (Chrono Boost)  
  31  2:51  Probe (Chrono Boost)  
  33  2:56  Oracle (Chrono Boost)  
  34  3:02  Probe  
  34  3:03  Probe  
  39  3:05  Gateway  
  39  3:11  Pylon  
  39  3:14  Probe  
  39  3:15  Probe  
  41  3:23  Oracle (Chrono Boost)  
  41  3:26  Probe  
  45  3:27  Probe  
  46  3:38  Probe  
  48  3:42  Nexus  
  47  3:50  Probe (Chrono Boost)  
  47  3:51  Pylon  
  47  3:54  Probe (Chrono Boost)  
  47  3:55  Oracle  
  52  4:02  Probe (Chrono Boost)  
  53  4:05  Assimilator  
  53  4:06  Pylon  
  53  4:08  Assimilator  
  54  4:10  Probe (Chrono Boost)  
  54  4:11  Probe (Chrono Boost)  
  55  4:17  Probe  
  55  4:19  Probe  
  55  4:23  Twilight Council  
  57  4:26  Forge  
  57  4:29  Probe  
  57  4:31  Shield Battery  
  58  4:33  Probe  
  59  4:46  Gateway  
  59  4:48  Probe  
  59  4:49  Gateway, Probe  
  59  4:52  Adept x2  
  65  4:54  Protoss Ground Weapons Level 1  
  65  4:55  Probe (Chrono Boost)  
  66  5:02  Blink (Chrono Boost)  
  67  5:09  Probe (Chrono Boost)  
  67  5:12  Probe (Chrono Boost)  
  67  5:13  Probe (Chrono Boost)  
  69  5:17  Probe (Chrono Boost)  
  72  5:21  Probe (Chrono Boost)  
  72  5:22  Probe (Chrono Boost)  
  72  5:26  Stalker x2  
  72  5:27  Probe (Chrono Boost)  
  77  5:29  Gateway, Probe (Chrono Boost)  
  77  5:32  Gateway, Probe (Chrono Boost)  
  77  5:34  Probe  
  75  5:38  Probe  
  75  5:41  Robotics Facility  
  77  5:43  Pylon  
  77  5:44  Probe  
  77  5:47  Stalker x2  
  82  5:50  Stalker  
  82  5:54  Assimilator  
  82  5:56  Pylon  
  85  5:57  Probe  
  85  6:01  Probe x2  
  87  6:11  Nexus  
  87  6:14  Stalker x3  
  87  6:16  Stalker  
  95  6:20  Pylon  
  95  6:28  Stalker x2  
  101  6:36  Robotics Bay  
  101  6:39  Robotics Facility, Stalker x3  
  105  6:45  Photon Cannon  
  105  6:49  Stalker  
  105  6:52  Shield Battery  
  105  6:53  Photon Cannon  
  108  7:01  Probe x2  
  108  7:02  Pylon  
  108  7:05  Pylon  
  109  7:10  Pylon  
  109  7:12  Protoss Ground Weapons Level 2, Charge  
  109  7:20  Observer, Probe  
  111  7:23  Probe  
  111  7:28  Colossus, Probe  
  120  7:30  Probe  
  120  7:33  Assimilator  
  120  7:35  Probe  
  120  7:36  Probe  
  118  7:38  Gateway  
  118  7:39  Gateway  
  118  7:41  Observer  
  118  7:43  Probe  
  120  7:44  Pylon  
  120  7:46  Probe, Pylon  
  120  7:47  Probe  
  120  7:50  Stalker x5  
  120  7:51  Stalker  
  117  8:12  Gateway x2, Photon Cannon  
  115  8:13  Photon Cannon  
  115  8:15  Stalker x5  
  123  8:28  Shield Battery  
  123  8:30  Zealot, Pylon  
  119  8:34  Stalker  
  119  8:35  Stalker  
  119  8:39  Zealot x3  
  103  8:42  Zealot x2  
  95  8:50  Disruptor (Chrono Boost), Stalker  
  95  8:51  Disruptor (Chrono Boost)  
  91  8:59  Stalker x3  
  92  9:11  Stalker x2  
  91  9:20  Zealot x3  
  70  9:34  Stalker x3  
  61  9:41  Stalker  
Show
View Real Time Build Order
Export as new Build Order

Scarlett Zerg - Winner!

Build Orders: Hatch First 

Get SALT Encoding   

  12  0:00  Drone  
  13  0:12  Overlord  
  13  0:17  Drone  
  14  0:30  Drone x2  
  16  0:48  Hatchery  
  15  0:51  Drone  
  15  0:54  Drone  
  17  0:57  Drone  
  18  1:09  Extractor  
  17  1:12  Spawning Pool  
  17  1:15  Drone  
  17  1:19  Drone  
  18  1:27  Drone  
  19  1:39  Drone  
  20  1:49  Drone  
  21  1:59  Queen x2  
  21  2:00  Zergling x2, Overlord  
  26  2:10  Drone x2  
  26  2:14  Metabolic Boost  
  28  2:21  Drone x2  
  30  2:32  Hatchery  
  29  2:37  Zergling x2  
  29  2:39  Drone  
  29  2:43  Queen  
  33  2:48  Overlord  
  34  2:51  Drone  
  34  2:53  Drone  
  34  2:56  Drone  
  36  3:06  Queen  
  36  3:08  Drone x2  
  36  3:09  Drone  
  36  3:10  Overlord  
  41  3:16  Drone  
  41  3:19  Drone x2  
  44  3:28  Queen  
  44  3:31  Spore Crawler  
  44  3:32  Drone x2  
  47  3:40  Drone x4  
  51  3:43  Queen  
  53  3:50  Drone x4  
  53  3:53  Spore Crawler  
  56  3:57  Drone  
  56  4:01  Drone  
  56  4:02  Overlord  
  58  4:06  Overlord  
  58  4:09  Overlord  
  57  4:18  Drone  
  57  4:20  Spore Crawler  
  57  4:21  Drone  
  57  4:23  Drone x5  
  61  4:27  Drone x2  
  61  4:29  Drone  
  64  4:33  Drone x3  
  64  4:34  Lair  
  64  4:36  Zergling x2  
  66  4:47  Hatchery  
  66  4:48  Drone x5  
  66  4:52  Drone x3  
  73  4:58  Roach Warren  
  72  5:00  Drone x2, Evolution Chamber  
  72  5:04  Zergling x8  
  77  5:10  Zergling x6  
  77  5:13  Extractor  
  78  5:14  Extractor  
  78  5:15  Extractor x2  
  78  5:16  Extractor  
  78  5:17  Drone  
  78  5:18  Drone x3  
  78  5:21  Drone  
  78  5:22  Drone x2  
  79  5:29  Drone x3  
  81  5:40  Glial Reconstitution  
  81  5:41  Zerg Missile Weapons Level 1  
  81  5:48  Overlord x2  
  81  5:49  Overlord  
  81  5:56  Overlord x5  
  81  6:00  Drone x2  
  81  6:01  Drone x5  
  88  6:05  Overlord x3  
  88  6:09  Roach x2  
  92  6:14  Roach x2  
  92  6:18  Roach  
  98  6:20  Roach  
  98  6:21  Spore Crawler, Roach  
  98  6:23  Roach  
  98  6:25  Roach  
  105  6:28  Roach x2  
  105  6:30  Roach, Ravager x2  
  115  6:32  Roach  
  115  6:36  Ravager  
  115  6:37  Ravager  
  115  6:39  Roach x4  
  124  6:42  Roach  
  124  6:47  Ravager x3  
  124  6:49  Roach x3  
  132  6:55  Roach x3  
  132  6:59  Roach x2  
  142  7:05  Roach x4  
  142  7:07  Overlord  
  150  7:10  Overlord x2  
  150  7:12  Overlord  
  150  7:14  Pneumatized Carapace  
  148  7:23  Roach x6  
  148  7:24  Ravager  
  148  7:28  Roach x3  
  164  7:30  Ravager  
  164  7:31  Roach x2  
  164  7:36  Roach x3  
  175  7:41  Roach x3  
  177  7:53  Roach x8  
  193  8:01  Ravager x2  
  193  8:02  Overlord  
  193  8:05  Zergling x8, Roach  
  191  8:33  Roach x6  
  188  8:41  Roach x8  
  184  8:49  Roach x7  
  186  8:57  Roach  
  186  8:58  Roach x5  
  192  9:05  Roach x4  
  190  9:11  Roach x2  
  187  9:18  Roach x2  
  187  9:23  Roach x2  
  189  9:27  Roach x2  
  172  9:31  Roach  
  172  9:33  Ravager  
  172  9:34  Ravager x4  
  183  9:50  Hatchery  
  183  9:52  Extractor  

Tags
 
Add a new tag
Caveats
  • Supply blocks, unpowered buildings, or Contaminate may cause inaccurate times.
  • Supply counts are checked every 10 seconds.